 Dungeon Crawl Stone Soup version 0.17.1-3-g152610e (webtiles) character file.

19248 kaze the Blocker (level 12, -9/77 HPs)
             Began as a Gargoyle Fighter on Apr 14, 2016.
             Was a High Priest of Trog.
             Killed from afar by a fire giant (30 damage)
             ... with a bolt of fire
             ... on level 11 of the Dungeon.
             The game lasted 00:25:52 (11094 turns).

kaze the Blocker (Gargoyle Fighter)                Turns: 11094, Time: 00:25:52

Health: -9/77      AC: 25    Str: 28    XL:     12   Next: 67%
Magic:  12/12      EV: 10    Int:  7    God:    Trog [*****.]
Gold:   474        SH: 13    Dex: 11    Spells: 0 memorised, 11 levels left

rFire  . . .     SeeInvis +     P - +4 mace
rCold  . . .     Clarity  .     M - +2 chain mail {MR+}
rNeg   + . .     SustAt   .     c - +0 shield
rPois  ∞         Gourm    .     i - +0 hat {SInv}
rElec  +         Spirit   .     (no cloak)
rCorr  .         Warding  .     u - +1 pair of gloves
rMut   .         Stasis   .     L - +2 pair of boots
MR     +++..                    (no amulet)
Stlth  ..........               x - +3 ring of strength
                                o - +2 ring of dexterity

@: regenerating, extremely resistant to hostile enchantments, extremely
unstealthy
A: icy blue scales 1, blink, blurry vision 1, deformed body, dopey 1, negative
energy resistance 1, electricity resistance, unbreathing, petrification
resistance, rot immunity, MP-powered wands, AC +8
a: Blink, Berserk, Trog's Hand, Brothers in Arms, Burn Spellbooks, Renounce
Religion


You were on level 11 of the Dungeon.
You worshipped Trog.
Trog was extremely pleased with you.
You were not hungry.

You visited 1 branch of the dungeon, and saw 10 of its levels.
You also visited: Sewer.

You collected 474 gold pieces.

Inventory:

Hand Weapons
 d - a +2 trident of venom
 E - a +2 falchion of holy wrath
 F - a +2 war axe of flaming
 P - a +4 mace (weapon)
Missiles
 g - 6 javelins (quivered)
 O - 4 tomahawks
Armour
 c - a +0 shield (worn)
 i - a +0 hat of see invisible (worn)
 u - a +1 pair of gloves (worn)
 L - a +2 pair of boots (worn)
 M - a +2 chain mail of magic resistance (worn)
Jewellery
 f - an uncursed ring of see invisible
 o - a +2 ring of dexterity (left hand)
 w - an uncursed ring of protection from magic
 x - a +3 ring of strength (right hand)
 H - a cursed ring of loudness
 K - an uncursed ring of wizardry
Wands
 j - a wand of random effects (48)
 l - a wand of slowing (4)
 C - a wand of enslavement (19)
Scrolls
 b - a scroll of silence
 m - a scroll of fear
 p - 9 scrolls of teleportation
 s - 2 scrolls of fog
 y - a scroll of recharging
 z - 5 scrolls of remove curse
Potions
 h - 6 potions of curing
 k - 3 potions of brilliance
 q - a potion of cancellation
 r - a potion of magic
 v - 2 potions of might
 B - 4 potions of lignification
 G - a potion of flight {unknown}
 I - a potion of poison {unknown}
 N - a potion of mutation {unknown}
Comestibles
 a - 2 fruits
 e - 4 bread rations
 A - 5 meat rations
 D - 8 slices of pizza


   Skills:
 + Level 10.2 Fighting
 + Level 0.6 Long Blades
 + Level 1.0(6.1) Axes
 + Level 6.2(6.3) Maces & Flails
 + Level 7.6(7.7) Polearms
 + Level 10.0 Armour
 + Level 5.5 Dodging
 + Level 2.2 Stealth
 + Level 12.1 Shields


You had 11 spell levels left.
You didn't know any spells.

Dungeon Overview and Level Annotations

Branches:
Dungeon (11/15)            Temple (0/1) D:6            Lair (0/8) D:11
    Orc: D:9-12

Altars:
Dithmenos
Fedhas
Gozag
Makhleb
Qazlal
Trog
Vehumet
Yredelemnul
Zin
The Shining One

Annotations:
D:7 1 runed door


Innate Abilities, Weirdness & Mutations

You are resistant to torment.
Your stone body is resilient (AC +8).
You are immune to poison.
You resist negative energy.
You are resistant to electric shocks.
You can survive without breathing.
You are immune to petrification.
You are immune to rotting.
You are partially covered in icy blue scales (AC +1).
You can translocate small distances at will.
Scrolls take you a little longer to read.
Armour fits poorly on your strangely shaped body.
You are dopey. (Int -2)
You expend magic power (3 MP) to strengthen your wands.


Message History

You start resting.
Your skin stops crawling.
You feel less resistant to hostile enchantments.
You start resting.
You feel yourself speed up.
You start resting.
You feel less exhausted.
A fire giant comes into view.
It is wielding a great sword of flaming.
The fire giant points at you and mumbles some strange words.
The bolt of fire hits you!
Found a bloodstained altar of Trog.
Your skin crawls.
You feel resistant to hostile enchantments.
You feel slightly more hungry.
The fire giant gestures at you while chanting.
The bolt of fire hits you!
* * * LOW HITPOINT WARNING * * *
The fire giant gestures at you while chanting.
The bolt of fire hits you!
You die...

###.##..#####..(###.####..##
##.###........(.....# #...##
##.# #.....######...# #....##
..####.....#⌠...##..#
#..#..##
...#....8'8#.._..#.##
##.###.# ........#)######.#.#
#...###
........#..'.....#.######.###
........#..'.....#....#...##
......#.#.######@#.........##
.....#..8'8#.C_..#..........#
...........#⌠...##.......####
...####....######......###
...># #...............##
....# ####.##......#..#
....## #.....#.....## .....##
##...####...# .###..####...##
###.##


You could see a fire giant.

Vanquished Creatures
  A sphinx (D:11)
  Gastronok (D:11)
  A hydra (D:8)
  A centaur warrior (D:11)
  An unseen horror (D:11)
  An ugly thing (D:11)
  2 cyclopes (D:11)
  The ghost of Nicoed the Insei, a novice DsMo of Makhleb (D:4)
  2 gargoyles (D:11)
  2 tengu conjurers (D:11)
  3 trolls
  A trapdoor spider (D:11)
  3 deep elf magi
  A hungry ghost (D:11)
  Grum (D:11)
  4 wolves (D:11)
  28 yaks
  Menkaure (D:6)
  2 hippogriffs
  A wasp (D:11)
  An eye of draining (D:8)
  2 black bears
  7 orc warriors
  2 phantoms (D:8)
  An ice beast (D:10)
  3 sky beasts
  2 necrophages
  7 centaurs
  A crocodile (D:10)
  6 giant frogs
  6 big kobolds
  A gnoll sergeant (D:10)
  A scorpion (D:11)
  5 killer bees (D:10)
  4 wights (D:7)
  6 crimson imps
  5 hounds
  A quasit (D:7)
  10 orc priests
  2 giant frog zombies
  2 jellies (D:6)
  A giant frog skeleton (D:7)
  Ijyb (D:4)
  2 iguanas
  7 orc wizards
  2 centaur skeletons
  Terence (D:2)
  Natasha (thrice) (D:2)
  7 worker ants
  2 sheep (D:8)
  A worker ant zombie (D:5)
  Robin (D:2)
  21 gnolls
  A shadow imp (D:10)
  14 adders
  A river rat (Sewer)
  3 oozes
  2 adder skeletons
  4 worms
  7 giant geckos
  32 orcs
  A ball python (Sewer)
  6 giant cockroaches
  2 gnoll zombies (D:7)
  19 goblins
  5 hobgoblins
  16 jackals
  15 kobolds
  4 quokkas
  10 bats
  A giant newt (D:2)
  2 goblin skeletons (D:7)
  A goblin zombie (D:7)
  4 hobgoblin zombies (D:7)
  2 jackal skeletons (D:7)
  A kobold zombie (D:7)
  An orc zombie (D:7)
  10 rats
346 creatures vanquished.

Vanquished Creatures (others)
  A gnoll (D:10)
1 creature vanquished.

Grand Total: 347 creatures vanquished

Notes
Turn   | Place    | Note
--------------------------------------------------------------
     0 | D:1      | kaze the Gargoyle Fighter began the quest for the Orb.
     0 | D:1      | Reached XP level 1. HP: 14/14 MP: 1/1
    89 | D:1      | Reached XP level 2. HP: 19/19 MP: 2/2
   649 | D:1      | Reached XP level 3. HP: 21/23 MP: 3/3
   791 | D:2      | Noticed Terence
   814 | D:2      | Killed Terence
   814 | D:2      | Reached skill level 1 in Dodging
  1073 | D:2      | Noticed Robin
  1090 | D:2      | Reached XP level 4. HP: 26/28 MP: 4/4
  1101 | D:2      | Killed Robin
  1106 | D:2      | Reached skill level 4 in Armour
  1569 | D:2      | Reached XP level 5. HP: 31/33 MP: 5/5
  1635 | D:2      | Found a stormy altar of Qazlal.
  1635 | D:2      | Noticed Ijyb
  1636 | D:2      | Noticed Natasha
  1645 | D:2      | Killed Natasha
  1788 | D:2      | Noticed Natasha
  1808 | D:2      | Killed Natasha
  1825 | D:2      | Noticed Natasha
  1828 | D:2      | Killed Natasha
  2011 | D:3      | Reached XP level 6. HP: 10/38 MP: 6/6
  2023 | D:3      | Found a shadowy altar of Dithmenos.
  2070 | D:3      | Found a bloodstained altar of Trog.
  2078 | D:3      | Became a worshipper of Trog the Wrathful
  2482 | D:3      | Found a blossoming altar of Fedhas.
  3019 | D:4      | Noticed Nicoed's ghost (novice DsMo)
  3061 | D:4      | Killed Nicoed's ghost
  3061 | D:4      | Reached skill level 1 in Polearms
  3061 | D:4      | Reached skill level 5 in Armour
  3061 | D:4      | Reached skill level 5 in Shields
  3061 | D:4      | Reached XP level 7. HP: 25/44 MP: 7/7
  3225 | D:4      | Reached * piety under Trog
  3396 | D:4      | Killed Ijyb
  3396 | D:4      | Reached skill level 5 in Fighting
  3495 | D:4      | Found a glowing drain.
  3499 | Sewer    | Entered a sewer
  3547 | Sewer    | Reached XP level 8. HP: 49/49 MP: 8/8
  3767 | Sewer    | Reached skill level 6 in Shields
  3890 | D:4      | Found a radiant altar of Vehumet.
  3890 | D:4      | Found a burning altar of Makhleb.
  3894 | D:4      | Reached ** piety under Trog
  4129 | D:5      | Entered Level 5 of the Dungeon
  4215 | D:5      | Found a blossoming altar of Fedhas.
  4257 | D:5      | Found an opulent altar of Gozag.
  4570 | D:5      | You fall through a shaft!
  4570 | D:6      | Noticed Menkaure
  4581 | D:6      | Killed Menkaure
  5200 | D:6      | Reached skill level 7 in Shields
  5204 | D:6      | Reached XP level 9. HP: 55/55 MP: 9/9
  5372 | D:6      | Reached skill level 1 in Stealth
  5436 | D:6      | Found a glowing silver altar of Zin.
  5691 | D:6      | Found a staircase to the Ecumenical Temple.
  5866 | D:7      | Found a glowing golden altar of the Shining One.
  6112 | D:7      | Reached *** piety under Trog
  6145 | D:7      | Found a basalt altar of Yredelemnul.
  6349 | D:7      | Gained mutation: You are dopey. (Int -2) [mutagenic meat]
  6350 | D:7      | Gained mutation: Armour fits poorly on your strangely shaped body. [mutagenic meat]
  6351 | D:7      | Gained mutation: You are partially covered in rough black scales (AC +4, Dex -1). [mutagenic meat]
  6352 | D:7      | Lost mutation: You are partially covered in rough black scales (AC +4, Dex -1). [mutagenic meat]
  6452 | D:7      | Found a runed door.
  6454 | D:7      | Found a basalt altar of Yredelemnul.
  6725 | D:7      | Reached skill level 8 in Shields
  6878 | D:8      | Reached skill level 5 in Polearms
  6890 | D:8      | Reached XP level 10. HP: 56/63 MP: 10/10
  7015 | D:8      | Noticed a two-headed hydra
  7028 | D:8      | Killed a two-headed hydra
  7279 | D:8      | Reached skill level 9 in Shields
  7448 | D:8      | You fall through a shaft for 2 floors!
  7448 | D:10     | Entered Level 10 of the Dungeon
  7458 | D:10     | Reached **** piety under Trog
  7506 | D:10     | Gained mutation: You are frail (-10% HP). [mutagenic meat]
  7507 | D:10     | Lost mutation: You are frail (-10% HP). [mutagenic meat]
  7508 | D:10     | Gained mutation: You are partially covered in icy blue scales (AC +1). [mutagenic meat]
  7509 | D:10     | Gained mutation: You expend magic power (3 MP) to strengthen your wands. [mutagenic meat]
  7510 | D:10     | Gained mutation: Scrolls take you a little longer to read. [mutagenic meat]
  7511 | D:10     | Gained mutation: You can translocate small distances at will. [mutagenic meat]
  7736 | D:10     | Reached XP level 11. HP: 52/69 MP: 11/11
  7926 | D:10     | Reached ***** piety under Trog
  7937 | D:10     | Reached skill level 10 in Shields
  8802 | D:11     | Noticed an unseen horror
  8807 | D:11     | Killed an unseen horror
  8818 | D:11     | HP: 3/106 [cyclops (21)]
  9158 | D:11     | Noticed Gastronok
  9189 | D:11     | Killed Gastronok
  9231 | D:11     | Noticed Grum
  9235 | D:11     | Reached skill level 5 in Maces & Flails
  9240 | D:11     | Reached skill level 11 in Shields
  9240 | D:11     | Reached XP level 12. HP: 70/77 MP: 12/12
  9266 | D:11     | Killed Grum
  9639 | D:11     | Reached skill level 5 in Dodging
  9670 | D:11     | Noticed a centaur warrior
  9712 | D:11     | Killed a centaur warrior
  9712 | D:11     | Received a gift from Trog
 10130 | D:11     | Found a staircase to the Lair.
 10156 | D:11     | Found a large runed door.
 10157 | D:11     | Found a large runed door.
 10439 | D:11     | Reached skill level 1 in Axes
 10568 | D:11     | Reached skill level 10 in Fighting
 11038 | D:11     | Found an opulent altar of Gozag.
 11038 | D:11     | Noticed a sphinx
 11057 | D:11     | Killed a sphinx
 11057 | D:11     | Reached skill level 10 in Armour
 11057 | D:11     | Reached skill level 12 in Shields
 11091 | D:11     | Found a bloodstained altar of Trog.
 11091 | D:11     | Noticed a fire giant
 11094 | D:11     | Killed from afar by a fire giant

Action                   |  1- 3 |  4- 6 |  7- 9 | 10-12 || total
-------------------------+-------+-------+-------+-------++-------
Melee: Flail             |   111 |   149 |       |       ||   260
       Trident           |       |    94 |   553 |   377 ||  1024
       Falchion          |       |       |       |    12 ||    12
       Mace              |       |       |       |   349 ||   349
       War axe           |       |       |       |    33 ||    33
Invok: Berserk           |       |       |     3 |    13 ||    16
       Trog's Hand       |       |       |     2 |     5 ||     7
       Burn Spellbooks   |       |       |       |     2 ||     2
  Use: Scroll            |       |     4 |    11 |     5 ||    20
       Potion            |       |     3 |     2 |     3 ||     8
 Stab: Distracted        |       |       |       |     1 ||     1
  Eat: Chunk             |     1 |     2 |     5 |    19 ||    27
       Royal jelly       |       |     1 |       |       ||     1
       Meat ration       |       |     1 |     2 |       ||     3
       Bread ration      |       |       |     1 |     3 ||     4
       Fruit             |       |       |       |    10 ||    10
